 Dungeon Crawl Stone Soup version 0.27-a0-1196-g3e9cee4cb2 (webtiles) character file.

Game seed: 52168734568650765

189 miscthings the Magician (level 6, 0/40 HPs)
             Began as a Djinni Conjurer on May 28, 2021.
             Slain by Edmund
             ... wielding a +1 dire flail of protection
              (5 damage)
             ... on level 4 of the Dungeon.
             The game lasted 00:03:48 (2908 turns).

miscthings the Magician (Djinni Conjurer)           Turns: 2908, Time: 00:03:49

Health: 0/40       AC:  2    Str:  5 (6)  XL:     6   Next: 0%
Gold:   65         EV: 12    Int: 20 (21) God:
                   SH:  0    Dex:  9 (12)

rFire    + + .     SeeInvis .   i - +3 dagger (venom)
rCold    x . .     Faith    .   (no shield)
rNeg     . . .     Spirit   .   a - +0 robe
rPois    ∞         Reflect  .   (no helmet)
rElec    .         Harm     .   (no cloak)
rCorr    .         Rampage  .   (no gloves)
Will     .....                  (boots unavailable)
Stlth    +.........             (no amulet)
HPRegen  0.13/turn              (no ring)
MPRegen  0.00/turn              (no ring)

@: flying, hasted, very quick
A: sickness immunity, fire resistance 2, cold vulnerability 1, float, innate
caster, hp casting, extra vitality 1
a: no special abilities


You were on level 4 of the Dungeon.
You visited 1 branch of the dungeon, and saw 4 of its levels.

You collected 65 gold pieces.

Inventory:

Hand Weapons
 i - a +3 dagger of venom (weapon)
Armour
 a - a +0 robe (worn)
Magical Staves
 p - a staff of earth
Scrolls
 h - a scroll of torment {unknown}
 j - a scroll of magic mapping {unknown}
 k - a scroll of holy word {unknown}
 n - a scroll of vulnerability {unknown}
 o - a scroll of blinking {unknown}
 q - a scroll of identify {unknown}
Potions
 b - a potion of flight {unknown}
 c - a potion of invisibility {unknown}
 e - a potion of degeneration
 f - a potion of brilliance {unknown}
 g - a potion of heal wounds {unknown}
 l - a potion of haste
 m - a potion of mutation {unknown}


   Skills:
 - Level 2.1 Dodging
 - Level 1.5 Stealth
 + Level 5.3 Spellcasting


You couldn't memorise any spells.
You knew the following spells:

 Your Spells              Type           Power      Damage    Failure   Level
a - Searing Ray           Conj           52%        3d5       1%          2
b - Magic Dart            Conj           100%       1d8       1%          1
c - Dazzling Flash        Conj/Hex       52%        N/A       3%          3
d - Fulminant Prism       Conj/Hex       13%        3d9       13%         4
e - Iskenderun's Mystic   Conj/Tloc      26%        2d7       13%         4
f - Freeze                Ice            100%       1d11      1%          1
g - Passwall              Tmut/Erth      21%        N/A       1%          2
Your spell library was empty.

Dungeon Overview and Level Annotations

Branches:
Dungeon (4/15)
 Temple: D:4-7

Altars:

Shops:
D:1 [   D:2 ?[

Annotations:
D:4 Edmund


Innate Abilities, Weirdness & Mutations

You are immune to sickness and miasma.
You are immune to poison.
Your flesh is very heat resistant. (rF++)
You are vulnerable to cold. (rC-)
You float through the air rather than walking.
You learn spells naturally, not from books.
Your magical power is your life essence.
You have superior vitality. (+4 HP)


Message History

Edmund is moderately wounded.
The quokka bites you.
The searing ray misses Edmund.
The quokka misses you.
Edmund hits you with a +1 dire flail of protection.
The quokka bites you. The quokka closely misses you.
A hobgoblin comes into view.
You see here a scroll of noise.
The quokka bites you.
Casting: Searing Ray (safe; 1% risk of failure)
Confirm with . or Enter, or press ? or * to list all spells.
Aiming: Searing Ray (safe; 1% risk of failure)
Press: ? - help, Shift-Dir - straight line, f/p - Edmund
Aim: Edmund, wielding a +1 dire flail of protection and wearing a +2 scale mail of fire resistance (moderately wounded, 82% to hit)
The searing ray hits the quokka.
You kill the quokka!
The searing ray hits Edmund.
Edmund is moderately wounded. (Press . to maintain the ray.)
The searing ray hits Edmund but does no damage.
Edmund is moderately wounded.
The searing ray hits Edmund but does no damage.
Edmund is moderately wounded.
Edmund closely misses you.
The searing ray hits Edmund.
Edmund is heavily wounded.
You finish channeling your searing ray.
Edmund hits you with a +1 dire flail of protection.
* * * LOW HITPOINT WARNING * * *
Okay, then.
Edmund asks, "Have you met my wondrous brother?"
Okay, then.
It was a potion of degeneration.
There was something very wrong with that liquid.
You feel weakened.
You feel dopey.
You feel clumsy.
Edmund hits you with a +1 dire flail of protection.
* * * LOW HITPOINT WARNING * * *
It was a potion of haste.
You feel yourself speed up.
Edmund hits you with a +1 dire flail of protection.
You die...

########..### #..#
#..## #...# #.#.#
#.#.# #.#.#
#######.#.#
#.@@....#.# .#
#.#######.# ## #g#
#.# #.# .. #.# #.# #.
#.# #†# #. #.# #.# #.
#.# #.# #
#.#####.###.#
>..#........(..######


You could see Edmund.

Vanquished Creatures
  A phantom (D:2)
  A hound skeleton (D:4)
  4 adders
  A worm (D:3)
  A dart slug (D:3)
  3 orcs (D:3)
  4 endoplasms
  2 giant cockroaches (D:1)
  6 goblins
  7 hobgoblins
  3 jackals (D:3)
  3 kobolds (D:1)
  3 quokkas
  4 ball pythons
  5 bats
  5 frilled lizards
  4 rats
57 creatures vanquished.

Vanquished Creatures (others)
  A plant (D:1)
1 creature vanquished.

Grand Total: 58 creatures vanquished

Notes
Turn   | Place    | Note
-------+----------+-------------------------------------------
     0 | D:1      | miscthings the Djinni Conjurer began the quest for the Orb.
     0 | D:1      | Reached XP level 1. HP: 15/15 MP: 0/0
   165 | D:1      | Reached XP level 2. HP: 14/21 MP: 0/0
   679 | D:1      | Reached XP level 3. HP: 20/25 MP: 0/0
   679 | D:1      | Learned a level 1 spell: Freeze
   789 | D:1      | Reached skill level 4 in Spellcasting
   875 | D:1      | Found a faded altar of an unknown god.
   882 | D:1      | Found Ofryom's Armour Boutique.
  1189 | D:2      | Reached XP level 4. HP: 18/31 MP: 0/0
  1352 | D:2      | Found Efaq's Armour Shop.
  1399 | D:2      | Noticed a phantom
  1407 | D:2      | Killed a phantom
  1408 | D:2      | Reached XP level 5. HP: 20/35 MP: 0/0
  1408 | D:2      | Learned a level 2 spell: Passwall
  1885 | D:2      | Found Doacisuadi's Magic Scroll Shoppe.
  2066 | D:3      | Reached skill level 5 in Spellcasting
  2879 | D:4      | Noticed Edmund
  2885 | D:4      | Reached XP level 6. HP: 32/40 MP: 0/0
  2908 | D:4      | Slain by Edmund

Illustrated notes

Levels and vault maps discovered:
D:1:      dpeg_arrival_ternary, layout_basic, serial_shops,
          nicolae_shop_crystal, basic_ecumenical_altar, serial_bayou_pond_e,
          serial_bayou_pond_a, bh_walls_and_bars
D:2:      layout_loops_ring, serial_shops, shop, nicolae_shop_waterfront
D:3:      layout_basic
D:4:      layout_loops_ring, uniq_edmund, uniq_blork_the_orc

Skill      XL: |  1  2  3  4  5 |
---------------+----------------+-----
Spellcasting   | 4 5 |  5.3
Dodging        | |  2.1
Stealth        | |  1.5

Action                   |  1- 3 |  4- 6 || total
-------------------------+-------+-------++-------
 Cast: Magic Dart        |    18 |       ||    18
       Searing Ray       |    20 |    25 ||    45
  Use: Scroll            |       |     1 ||     1
       Potion            |       |     2 ||     2
Armor: Robe              |       |     3 ||     3
Dodge: Dodged            |       |    10 ||    10

Table legend: (Time is in decaauts)
 A = Elapsed time spent in this place.
 B = Non-inter-level travel time spent in this place.
 C = Inter-level travel time spent in this place.
 D = Time resting spent in this place.
 E = Time spent auto-exploring this place.
 F = Levels seen in this place.
 G = Mean time per level.
                   A        B        C        D        E       F      G
               +--------+--------+--------+--------+--------+-----+--------+
         Total |   2906 |   2786 |    120 |    768 |   1732 |   4 |  726.5 |
       Dungeon |   2906 |   2786 |    120 |    768 |   1732 |   4 |  726.5 |
               +--------+--------+--------+--------+--------+-----+--------+

Top non-repeatable levels by time:
     D:1: 1080 daAuts
     D:2: 926 daAuts
     D:3: 785 daAuts
     D:4: 113 daAuts
